 Dungeon Crawl Stone Soup version 0.20.1-1-g8b1a95d (webtiles) character file.

13585 vishdafish the Cardsharp (level 11, -7/84 HPs)
             Began as a Demonspawn Assassin on July 11, 2017.
             Was a High Priest of Nemelex Xobeh.
             Shot with an arrow by a centaur warrior (17 damage)
             ... on level 12 of the Dungeon.
             The game lasted 00:30:42 (11769 turns).

vishdafish the Cardsharp (Demonspawn Assassin)     Turns: 11769, Time: 00:30:43

Health: -7/84      AC:  8    Str: 13    XL:     11   Next: 77%
Magic:  0/20       EV: 16    Int: 12    God:    Nemelex Xobeh [*****.]
Gold:   628        SH:  6    Dex: 17    Spells: 9/10 levels left

rFire    . . .     SeeInvis +   Q - +2 dagger (venom)
rCold    . . .     Gourm    .   (no shield)
rNeg     . . .     Faith    .   c - +0 robe
rPois    .         Spirit   +   N - +0 helmet
rElec    .         Reflect  .   d - +0 cloak
rCorr    .         Harm     .   I - +1 pair of gloves
MR       .....                  x - +1 pair of boots
Stlth    +++++.....             S - amulet of regeneration
Regen    0.7/turn               Z - ring of stealth
MPRegen  0.2/turn               r - ring of see invisible

@: no status effects
A: talons 2, large bone plates 2, spiny 1, magic shield
a: Triple Draw, Deal Four, Stack Five, Renounce Religion


You were on level 12 of the Dungeon.
You worshipped Nemelex Xobeh.
Nemelex Xobeh was extremely pleased with you.
You were hungry.

You visited 2 branches of the dungeon, and saw 13 of its levels.

You collected 628 gold pieces.

Inventory:

Hand Weapons
 Q - a +2 dagger of venom (weapon)
 W - a +3 hunting sling
Missiles
 e - 46 poisoned needles
 f - 2 curare-tipped needles
Armour
 c - a +0 robe (worn)
 d - a +0 cloak (worn)
 x - a +1 pair of boots (worn)
 I - a +1 pair of gloves (worn)
 N - a +0 helmet (worn)
Jewellery
 a - an uncursed amulet of rage {unknown}
 j - an uncursed amulet of the gourmand
 r - a ring of see invisible (right hand)
 w - an uncursed ring of fire
 S - an amulet of regeneration (around neck)
 Z - a ring of stealth (left hand)
Wands
 o - a wand of iceblast (8/15)
 D - a wand of digging (11/24)
 L - a wand of random effects (14/48)
 T - a wand of disintegration (10/24)
Scrolls
 h - 4 scrolls of teleportation
 k - 2 scrolls of fear {unknown}
 n - 5 scrolls of identify {unknown}
 p - 6 scrolls of amnesia
 q - 3 scrolls of remove curse
 y - 4 scrolls of enchant weapon
 A - 4 scrolls of blinking
 B - a scroll of immolation {unknown}
 P - 3 scrolls of recharging {unknown}
 U - 3 scrolls of magic mapping {unknown}
 X - a scroll of fog {unknown}
 Y - a scroll of torment {unknown}
Potions
 b - a potion of lignification {unknown}
 i - 4 potions of heal wounds
 l - 3 potions of brilliance {unknown}
 s - 4 potions of cancellation {unknown}
 t - a potion of ambrosia {unknown}
 u - 5 potions of curing {unknown}
 z - 3 potions of berserk rage {unknown}
 G - 2 potions of might {unknown}
 J - a potion of magic {unknown}
 M - 2 potions of flight {unknown}
 R - 2 potions of haste {unknown}
 V - a potion of agility {unknown}
Books
 F - a book of Minor Magic

   Spells                             Type                      Level
   a - Magic Dart                     Conjuration                  1
   b - Blink                          Translocation                2
   c - Call Imp                       Summoning                    2
   d - Slow                           Hexes                        2
   e - Conjure Flame                  Conjuration/Fire             3
   f - Mephitic Cloud                 Conjuration/Poison/Air       3
 H - a book of Necromancy

   Spells                             Type                      Level
   a - Pain                           Necromancy                   1
   b - Animate Skeleton               Necromancy                   1
   c - Vampiric Draining              Necromancy                   3
   d - Regeneration                   Charms/Necromancy            3
   e - Animate Dead                   Necromancy                   4
   f - Control Undead                 Necromancy                   4
Miscellaneous
 v - an ornate deck of destruction {drawn: 3}
 E - a legendary deck of summoning {drawn: 2}
 O - an ornate deck of escape {drawn: 6}
Comestibles
 g - 4 bread rations
 m - 9 royal jellies
 C - 6 meat rations
 K - 23 fruits


   Skills:
 + Level 7.3 Fighting
 * Level 9.8 Short Blades
 - Level 1.7 Throwing
 + Level 6.6 Dodging
 + Level 8.5 Stealth
 * Level 12.5 Invocations


You had 9 spell levels left.
You knew the following spells:

 Your Spells              Type           Power        Failure   Level  Hunger
a - Magic Dart            Conj           #...         32%         1    ##.....


Dungeon Overview and Level Annotations

Branches:
Dungeon (12/15)            Temple (1/1) D:5            Lair (0/6) D:9
    Orc (0/2) D:11

Altars:
Ashenzari
Cheibriados
Elyvilon
Fedhas
Gozag
Hepliaklqana
Kikubaaqudgha
Makhleb
Nemelex Xobeh
Okawaru
Qazlal
Ru
Sif Muna
Trog
Uskayaw
Vehumet
Xom
Yredelemnul
Zin
The Shining One

Shops:
D:7 =


Innate Abilities, Weirdness & Mutations

You have razor-sharp toenails.
You are mostly covered in large bone plates. (SH +6)
You are partially covered in sharp spines.
When hurt, damage is shared between your health and your magic reserves.


Message History

r - Retreat! s - Stop attacking. g - Guard the area. f - Follow me.
Anything else - Cancel.
Gang up on whom?
Press: ? - help, Dir - move target cursor, f - centaur warrior
Aim: a centaur warrior, wielding a shortbow Attack!
The centaur warrior shoots an arrow.
The arrow hits you!
* * * LOW HITPOINT WARNING * * *
The centaur shoots an arrow.
The arrow closely misses you.
The centaur warrior shoots an arrow.
You block the arrow.
The centaur wields a shortbow.
The centaur shoots an arrow.
The arrow hits you but does no damage.
A centaur comes into view. It is wielding a shortbow.
You swap places.
The centaur shoots an arrow.
The arrow closely misses you.
The centaur shoots an arrow.
The arrow hits you!
* * * LOW HITPOINT WARNING * * *
The centaur warrior shoots an arrow.
The arrow hits you!!
You die...
Your body glows with a rainbow of weird colours and disappears.

######..................#
# #.#................# ##
#.##...#..###......# .##
#.##..##.^###.###.## ..#
#.##..............# ..##
#.###.##..#######.# ...#
#.###.##.......<..# ...#
#......############
...### #####(.#@#.....#
...'.# #..#(#.....#
...#.# #....§.....#
...#.########.§§..§....#
..##.........§E.§§.§...#
.#####.######...†.....>#
##.###.# #..cc.........
.......# #.c..(.......##
.#.##### ##...........#


You could see a centaur warrior, 2 centaurs and a friendly air elemental.

Vanquished Creatures
  2 two-headed ogres (D:12)
  An ugly thing (D:12)
  A manticore (D:9)
  A troll (D:12)
  2 hippogriffs
  A dream sheep (D:9)
  A shadow (D:12)
  6 yaks (D:9)
  4 hungry ghosts
  A steam dragon (D:7)
  An acid dragon (D:12)
  A warg (D:9)
  An ice beast (D:10)
  A black bear (D:10)
  A swamp drake (D:11)
  7 orc warriors
  A sky beast (D:8)
  3 ogres
  2 phantoms
  7 centaurs
  3 big kobolds
  7 bullfrogs
  A gnoll sergeant (D:7)
  3 scorpions
  A water moccasin skeleton (D:8)
  4 killer bees
  6 howler monkeys
  2 lava snakes (D:10)
  4 crimson imps
  7 hounds
  4 orc priests
  A centaur skeleton (D:12)
  10 orc wizards
  An iguana (D:8)
  4 worker ants
  A howler monkey zombie (D:7)
  A worker ant zombie (D:7)
  6 gnolls
  10 adders
  2 shadow imps
  3 oozes
  3 adder skeletons
  2 dart slugs
  4 leopard geckos
  47 orcs
  3 ball pythons
  4 giant cockroaches
  5 goblins
  6 hobgoblins
  11 jackals
  A quokka (D:4)
  8 bats
  5 frilled lizards
  A jackal skeleton (D:4)
  8 kobolds
  A leopard gecko skeleton (D:4)
  A quokka skeleton (D:8)
  4 rats
  2 plants (D:9)
242 creatures vanquished.

Vanquished Creatures (collateral kills)
  2 hydras
  A two-headed ogre (D:9)
  2 ugly things
  A manticore (D:11)
  Psyche (D:8)
  A centaur skeleton (D:11)
  Grinder (D:6)
  A hippogriff (D:7)
  A yak (D:9)
  A warg (D:9)
  Duvessa (D:6)
  A black bear (D:5)
  An ice beast (D:5)
  An ogre (D:9)
  A phantom (D:9)
  A centaur (D:8)
  A big kobold (D:9)
  A water moccasin zombie (D:9)
  Dowan (D:6)
  2 wights (D:9)
  A hound (D:8)
  2 orc priests (D:9)
  2 orc wizards (D:9)
  2 jellies
  An iguana (D:8)
  A hound zombie (D:9)
  A hound skeleton (D:9)
  An adder (D:9)
  A leopard gecko (D:5)
  6 orcs
  A giant cockroach (D:5)
  3 jackals
  A frilled lizard (D:5)
  4 kobolds (D:9)
50 creatures vanquished.

Vanquished Creatures (others)
  A dream sheep (D:9)
  2 yaks (D:9)
  A phantom (D:9)
  An ice beast (D:9)
  A big kobold (D:9)
  3 wights (D:9)
  A jelly (D:9)
  2 gnolls (D:7)
  A shadow imp (D:9)
  2 ball lightnings (D:9)
  2 kobolds (D:9)
17 creatures vanquished.

Grand Total: 309 creatures vanquished

Notes
Turn   | Place    | Note
-------+----------+-------------------------------------------
     0 | D:1      | vishdafish the Demonspawn Assassin began the quest for the Orb.
     0 | D:1      | Reached XP level 1. HP: 16/16 MP: 1/1
   356 | D:1      | Gained mutation: You have sharp toenails. [demonic ancestry]
   356 | D:1      | Reached XP level 2. HP: 20/22 MP: 2/2
   885 | D:1      | Reached skill level 1 in Dodging
  1179 | D:2      | Reached XP level 3. HP: 28/28 MP: 3/3
  1490 | D:2      | Found a stormy altar of Qazlal.
  1885 | D:2      | Found a white marble altar of Elyvilon.
  2068 | D:3      | Reached XP level 4. HP: 29/34 MP: 4/4
  2406 | D:3      | Gained mutation: You are partially covered in large bone plates. (SH +4) [demonic ancestry]
  2406 | D:3      | Reached XP level 5. HP: 29/40 MP: 5/5
  2543 | D:3      | Found a sparkling altar of Nemelex Xobeh.
  2575 | D:3      | Became a worshipper of Nemelex Xobeh the Trickster
  2590 | D:3      | Received a gift from Nemelex Xobeh
  2775 | D:3      | Reached skill level 1 in Invocations
  3079 | D:3      | Found a deep blue altar of Sif Muna.
  3325 | D:4      | Reached * piety under Nemelex Xobeh
  3343 | D:4      | Found a radiant altar of Vehumet.
  3443 | D:4      | Found a shimmering altar of Xom.
  3577 | D:4      | Found a snail-covered altar of Cheibriados.
  3591 | D:4      | Gained mutation: You are partially covered in sharp spines. [demonic ancestry]
  3591 | D:4      | Reached XP level 6. HP: 47/47 MP: 7/7
  3657 | D:4      | Reached skill level 2 in Invocations
  4041 | D:4      | Found a hazy altar of Hepliaklqana.
  4041 | D:4      | Received a gift from Nemelex Xobeh
  4146 | D:5      | Entered Level 5 of the Dungeon
  4253 | D:5      | Received a gift from Nemelex Xobeh
  4263 | D:5      | Noticed an ice beast
  4269 | D:5      | Killed an ice beast
  4269 | D:5      | Reached skill level 3 in Invocations
  4302 | D:5      | Found a white marble altar of Elyvilon.
  4308 | D:5      | Reached ** piety under Nemelex Xobeh
  4394 | D:5      | Reached XP level 7. HP: 18/52 MP: 9/9
  4682 | D:5      | Found a staircase to the Ecumenical Temple.
  4713 | Temple   | Entered the Ecumenical Temple
  5018 | D:6      | Reached skill level 4 in Invocations
  5037 | D:6      | Noticed Grinder
  5047 | D:6      | Paralysed by Grinder for 6 turns
  5047 | D:6      | Killed Grinder
  5047 | D:6      | Reached skill level 5 in Stealth
  5060 | D:6      | Noticed Dowan
  5069 | D:6      | Killed Dowan
  5073 | D:6      | Noticed Duvessa
  5084 | D:6      | Killed Duvessa
  5368 | D:6      | Found a burning altar of Makhleb.
  5389 | D:6      | Received a gift from Nemelex Xobeh
  5533 | D:6      | Reached skill level 5 in Short Blades
  5533 | D:6      | Reached skill level 5 in Invocations
  5682 | D:6      | Reached XP level 8. HP: 57/60 MP: 11/11
  5956 | D:7      | Received a gift from Nemelex Xobeh
  6082 | D:7      | Reached *** piety under Nemelex Xobeh
  6124 | D:7      | Found Mituontu's Jewellery Emporium.
  6191 | D:7      | Found a bloodstained altar of Trog.
  6299 | D:7      | Noticed a hippogriff
  6306 | D:7      | Killed a hippogriff
  6795 | D:7      | Reached skill level 6 in Invocations
  7337 | D:8      | Reached skill level 7 in Invocations
  7441 | D:8      | Gained mutation: You are mostly covered in large bone plates. (SH +6) [demonic ancestry]
  7441 | D:8      | Reached XP level 9. HP: 48/66 MP: 14/14
  7653 | D:8      | Noticed Psyche
  7661 | D:8      | Killed Psyche
  7849 | D:9      | Noticed a two-headed ogre
  7859 | D:9      | Killed a two-headed ogre
  7859 | D:9      | Reached skill level 5 in Fighting
  7859 | D:9      | Reached skill level 8 in Invocations
  7890 | D:9      | Found a staircase to the Lair.
  7932 | D:9      | Reached skill level 9 in Invocations
  7936 | D:9      | Reached skill level 5 in Dodging
  7940 | D:9      | Gained mutation: You have razor-sharp toenails. [demonic ancestry]
  7940 | D:9      | Reached XP level 10. HP: 23/76 MP: 15/17
  8267 | D:9      | Reached skill level 10 in Invocations
  8385 | D:9      | Noticed a three-headed hydra
  8401 | D:9      | Killed a three-headed hydra
  8692 | D:9      | Reached **** piety under Nemelex Xobeh
  8773 | D:10     | Entered Level 10 of the Dungeon
  8773 | D:10     | Noticed a manticore
  8884 | D:9      | Killed a manticore
  8999 | D:10     | Reached skill level 11 in Invocations
  9133 | D:10     | Received a gift from Nemelex Xobeh
  9139 | D:10     | Found a stormy altar of Qazlal.
  9584 | D:10     | Gained mutation: When hurt, damage is shared between your health and your magic reserves. [demonic ancestry]
  9584 | D:10     | Reached XP level 11. HP: 82/83 MP: 19/19
  9872 | D:11     | Noticed a seven-headed hydra
 10004 | D:11     | Received a gift from Nemelex Xobeh
 10118 | D:11     | Learned a level 1 spell: Magic Dart
 10290 | D:11     | Found a staircase to the Orcish Mines.
 10429 | D:11     | Killed a seven-headed hydra
 10708 | D:11     | Received a gift from Nemelex Xobeh
 10714 | D:11     | Noticed a red ugly thing
 10748 | D:10     | Killed a red ugly thing
 11085 | D:12     | Reached skill level 12 in Invocations
 11185 | D:12     | Noticed a two-headed ogre
 11186 | D:12     | Noticed a red ugly thing
 11208 | D:12     | Killed a red ugly thing
 11238 | D:12     | Killed a two-headed ogre
 11333 | D:12     | Noticed a two-headed ogre
 11334 | D:12     | Killed a two-headed ogre
 11489 | D:12     | Reached ***** piety under Nemelex Xobeh
 11690 | D:12     | Received a gift from Nemelex Xobeh
 11737 | D:12     | Noticed a brown ugly thing
 11760 | D:12     | Killed a brown ugly thing
 11766 | D:12     | Noticed a centaur warrior
 11769 | D:12     | Shot with an arrow by a centaur warrior

Skill      XL: |  1  2  3  4  5  6  7  8  9 10 11 |
---------------+----------------------------------+-----
Short Blades   | 2 3 4 5 6 7 8 9 |  9.8
Dodging        | 1 2 3 4 5 6 |  6.6
Stealth        | 4 5 6 7 8 |  8.5
Invocations    | 1 3 5 7 9 11 12 | 12.5
Fighting       | 3 4 5 6 7 |  7.3
Throwing       | |  1.7

Action                   |  1- 3 |  4- 6 |  7- 9 | 10-12 || total
-------------------------+-------+-------+-------+-------++-------
Melee: Dagger            |   108 |   232 |   200 |   473 ||  1013
       Kick              |    16 |    21 |       |       ||    37
Evoke: Deck              |       |     5 |    23 |    17 ||    45
       Wand              |       |       |       |    10 ||    10
  Use: Scroll            |       |     2 |     2 |     1 ||     5
 Stab: Sleeping          |     9 |    10 |     6 |    20 ||    45
       Distracted        |     1 |     1 |     2 |     3 ||     7
       Confused          |       |       |       |     2 ||     2
  Eat: Chunk             |     3 |     7 |    11 |    12 ||    33
       Bread ration      |       |       |       |     1 ||     1
Armor: Robe              |    47 |    50 |    30 |    42 ||   169
Dodge: Dodged            |    70 |   113 |    88 |   229 ||   500
Block: Other             |       |    30 |    26 |    80 ||   136
